 Dungeon Crawl Stone Soup version 0.26-a0-8-gc4d20be10f (webtiles) character file.

Game seed: 17250865049651074713, levelgen mode: deterministic

142 vurker the Gusty (level 5, -6/30 HPs)
             Began as a Tengu Air Elementalist on May 24, 2020.
             Killed from afar by an orc wizard (12 damage)
             ... with a puff of flame
             ... on level 3 of the Dungeon.
             The game lasted 00:03:32 (2517 turns).

vurker the Gusty (Tengu Air Elementalist)           Turns: 2517, Time: 00:03:33

Health: -6/30      AC:  4    Str:  8    XL:     5   Next: 25%
Magic:  0/10       EV: 15    Int: 16    God:
Gold:   95         SH:  0    Dex: 15    Spells: 9/10 levels left

rFire    . . .     SeeInvis .   i - +4 whip
rCold    . . .     Gourm    .   (no shield)
rNeg     . . .     Faith    .   a - +0 robe
rPois    .         Spirit   .   (helmet restricted)
rElec    .         Reflect  .   g - +0 cloak
rCorr    .         Harm     .   d - +0 pair of gloves
MR       .....                  (boots unavailable)
Stlth    ++........             (no amulet)
HPRegen  0.10/turn              (no ring)
MPRegen  0.12/turn              (no ring)

@: flying quickly and evasively, quick
A: beak, talons 3, able to fly
a: Stop Flying


You were on level 3 of the Dungeon.
You were not hungry.

You visited 1 branch of the dungeon, and saw 3 of its levels.

You collected 95 gold pieces.

Inventory:

Hand Weapons
 i - a +4 whip (weapon)
   (You took it off a kobold on level 1 of the Dungeon)
Armour
 a - a +0 robe (worn)
 d - a +0 pair of gloves (worn)
   (You found it on level 1 of the Dungeon)
 g - a +0 cloak (worn)
   (You found it on level 1 of the Dungeon)
Wands
 l - a wand of polymorph (6)
   (You took it off Natasha on level 2 of the Dungeon)
Scrolls
 c - a scroll of blinking {unknown}
 h - a scroll of enchant armour {unknown}
 k - a scroll of identify {unknown}
 m - 2 scrolls of teleportation {unknown}
 n - a scroll of random uselessness {unknown}
Potions
 f - a potion of might {unknown}
 j - 2 potions of curing
 o - a potion of stabbing {unknown}
Comestibles
 e - 3 rations


   Skills:
 + Level 1.8 Fighting
 - Level 2.1 Dodging
 - Level 2.0 Stealth
 * Level 3.2 Spellcasting
 + Level 2.6 Conjurations
 * Level 5.4 Air Magic


You had 9 spell levels left.
You knew the following spells:

 Your Spells              Type           Power        Failure   Level  Hunger
a - Shock                 Conj/Air       ###.         3%          1    None

Your spell library contained the following spells:

 Spells                   Type           Power        Failure   Level  Hunger
 Swiftness                Chrm/Air       ##......     9%          2    ##.....
 Static Discharge         Conj/Air       ###.....     11%         3    ###....
 Airstrike                Air            ###.......   19%         4    ####...
 Lightning Bolt           Conj/Air       ###.......   67%         5    ######.


Dungeon Overview and Level Annotations

Branches:
Dungeon (3/15)

Altars:


Innate Abilities, Weirdness & Mutations

You have a beak for a mouth.
You have claws for feet.
You can fly continuously.


Message History

Aim: an orc, wielding a +0 whip and wearing a +0 leather armour The zap hits the orc. x2; The zap misses the orc.
The giant cockroach barely misses you. The orc completely misses you.
The giant cockroach barely misses you.
Aim: an orc, wielding a +0 whip and wearing a +0 leather armour (lightly wounded)
The zap hits the orc.
You kill the orc!
The zap hits something but does no damage.
The zap hits the orc but does no damage.
The zap misses the orc.
The orc closely misses you. The giant cockroach misses you.
You hear some strange, mumbled words.
A puff of flame appears from out of thin air!
The puff of flame hits you! That beam is likely to hit you.
Continue anyway? [Y]es or [N]o only, please.
That beam is likely to hit you.
Continue anyway?
Okay, then.
You whack the orc!
You kill the orc!
The giant cockroach barely misses you.
You hear some strange, mumbled words.
A puff of frost appears from out of thin air!
The puff of frost hits you.
You hit the giant cockroach. The giant cockroach bites you.
You hear some strange, mumbled words.
A puff of flame appears from out of thin air!
The puff of flame hits you!
* * * LOW HITPOINT WARNING * * *
The giant cockroach barely misses you.
You whack the giant cockroach!
You kill the giant cockroach!
Aim: an orc, quivering 3 boomerangs The zap hits the orc. x2
Something hits you but does no damage.
Aim: an orc, quivering 3 boomerangs (moderately wounded)
The zap hits something.
The zap hits the orc.
You kill the orc!
The zap misses the orc.
The orc throws a boomerang.
The boomerang completely misses you.
The weapon returns to the orc!
Something hits you but does no damage.
Aim: an orc, quivering 3 boomerangs (moderately wounded)
The zap hits something.
The zap misses the orc.
The orc throws a boomerang.
The boomerang hits you.
* * * LOW HITPOINT WARNING * * *
The weapon returns to the orc!
You hear some strange, mumbled words.
A puff of flame appears from out of thin air!
The puff of flame hits you!
You die...

#.#.<..###............
#.#..#.###....#..####.
#.............#..#
###..#...........#
#..#####....#.##
#..........##.#
#..#####..###.#
#..####.........
#.†@{)o...###.##
#.†#####...# #.. ##..#
#.. ..# #.. ..# #.#


ooo #. o## #. You could see an orc.

Vanquished Creatures
  Natasha (thrice) (D:2)
  An adder (D:2)
  A leopard gecko (D:2)
  4 orcs (D:3)
  2 ball pythons
  5 bats
  3 giant cockroaches
  6 goblins
  6 hobgoblins
  2 jackals (D:2)
  A quokka (D:3)
  A frilled lizard (D:2)
  8 kobolds
  8 rats
51 creatures vanquished.

Notes
Turn   | Place    | Note
-------+----------+-------------------------------------------
     0 | D:1      | vurker the Tengu Air Elementalist began the quest for the
                  | Orb.
     0 | D:1      | Reached XP level 1. HP: 10/10 MP: 4/4
   243 | D:1      | Reached XP level 2. HP: 15/15 MP: 0/6
  1151 | D:2      | Noticed Natasha
  1159 | D:2      | Killed Natasha
  1159 | D:2      | Reached skill level 1 in Fighting
  1159 | D:2      | Reached XP level 3. HP: 5/20 MP: 1/7
  1325 | D:2      | Noticed Natasha
  1413 | D:2      | Killed Natasha
  1413 | D:2      | Reached skill level 5 in Air Magic
  1413 | D:2      | Reached XP level 4. HP: 19/25 MP: 7/9
  1782 | D:2      | Noticed Natasha
  1788 | D:2      | Killed Natasha
  1788 | D:2      | Gained mutation: You can fly continuously. [Tengu growth]
  1788 | D:2      | Reached XP level 5. HP: 17/29 MP: 7/10
  2517 | D:3      | Killed from afar by an orc wizard

Illustrated notes

Levels and vault maps discovered:
D:1:      onia_arrival_handbag, layout_loops_ring
D:2:      layout_rooms, uniq_natasha
D:3:      layout_loops_ring

Skill      XL: |  1  2  3  4 |
---------------+-------------+-----
Fighting       | 1 |  1.8
Conjurations   | 2 |  2.6
Air Magic      | 5 |  5.4
Spellcasting   | 3 |  3.2
Dodging        | |  2.1
Stealth        | |  2.0

Action                   |  1- 3 |  4- 6 || total
-------------------------+-------+-------++-------
Melee: Unarmed           |    12 |       ||    12
       Kick              |     3 |       ||     3
       Whip              |    16 |    16 ||    32
       Peck              |       |     1 ||     1
 Cast: Shock             |    54 |    45 ||    99
 Abil: Fly               |       |     1 ||     1
 Stab: Sleeping          |       |     1 ||     1
  Eat: Chunk             |     1 |     5 ||     6
Armor: Robe              |     8 |     5 ||    13
       Skin              |     7 |       ||     7
Dodge: Dodged            |    16 |    21 ||    37

Table legend:
 A = Non-vault XP
 B = Vault XP
 C = Vault XP percentage of total XP
 D = Non-vault monster count
 E = Vault monster count
 F = Vault count percentage of total count
                 A         B        C        D         E       F
            +---------+---------+-------+---------+---------+-------
      Total |     164 |      40 |  19.6 |      46 |       5 |   9.8
            +---------+---------+-------+---------+---------+-------
        D:1 |      23 |       5 |  17.9 |      14 |       4 |  22.2
        D:2 |     120 |      35 |  22.6 |      23 |       1 |   4.2
        D:3 |      21 |       0 |   0.0 |       9 |       0 |   0.0
            +---------+---------+-------+---------+---------+-------
